 Dungeon Crawl Stone Soup version 0.22.0-75-g3901e79 (webtiles) character file.

207 Fang the Chopper (level 5, -3/34 HPs)
             Began as a Gargoyle Berserker on Sept 12, 2018.
             Was a Believer of Trog.
             Killed by divine providence
             ... invoked by an orc priest
              (10 damage)
             ... on level 3 of the Dungeon on Sept 13, 2018.
             The game lasted 00:03:02 (2051 turns).

Fang the Chopper (Gargoyle Berserker)               Turns: 2051, Time: 00:03:03

Health: -3/34      AC:  8    Str: 22    XL:     5   Next: 85%
Magic:  5/5        EV: 12    Int:  7    God:    Trog [**....]
Gold:   113        SH:  0    Dex:  9    Spells: 4/4 levels left

rFire    . . .     SeeInvis .   a - +0 hand axe
rCold    . . .     Gourm    .   (no shield)
rNeg     + . .     Faith    .   b - +0 animal skin
rPois    ∞         Spirit   .   (no helmet)
rElec    +         Reflect  .   (no cloak)
rCorr    .         Harm     .   (no gloves)
MR       .....                  i - +1 pair of boots
Stlth    +.........             (no amulet)
HPRegen  0.11/turn              (no ring)
MPRegen  0.09/turn              (no ring)

@: berserk cooldown, slowed, very slow
A: negative energy resistance 1, electricity resistance, unbreathing,
petrification resistance, rot immunity, AC +4
a: Berserk, Trog's Hand, Renounce Religion


You were on level 3 of the Dungeon.
You worshipped Trog.
Trog was pleased with you.
You were not hungry.

You visited 1 branch of the dungeon, and saw 3 of its levels.

You collected 113 gold pieces.

Inventory:

Hand Weapons
 a - a +0 hand axe (weapon)
Armour
 b - a +0 animal skin (worn)
 i - a +1 pair of boots (worn)
Wands
 j - a wand of disintegration (10)
Scrolls
 d - 2 scrolls of teleportation {unknown}
 e - 2 scrolls of enchant armour {unknown}
 h - a scroll of enchant weapon {unknown}
 n - 2 scrolls of identify {unknown}
Potions
 f - a potion of haste {unknown}
 g - a potion of mutation {unknown}
 k - a potion of might {unknown}
 l - a potion of cancellation {unknown}
 m - a potion of lignification {unknown}
 o - a potion of brilliance {unknown}
 q - a potion of curing {unknown}
Comestibles
 c - 4 rations
 p - 3 chunks of flesh


   Skills:
 + Level 4.4 Fighting
 + Level 4.5 Axes
 + Level 2.3 Armour
 + Level 2.5 Dodging
 + Level 0.5 Stealth


You had 4 spell levels left.
You didn't know any spells.
Your spell library was empty.

Dungeon Overview and Level Annotations

Branches:
Dungeon (3/15)

Altars:


Innate Abilities, Weirdness & Mutations

You are resistant to torment.
Your stone body is resilient. (AC +4)
You are immune to poison.
You resist negative energy. (rN+)
You are resistant to electric shocks. (rElec)
You can survive without breathing.
You are immune to petrification.
You are immune to rotting.


Message History

The orc priest is heavily wounded.
The orc priest barely misses you.
You hit the orc priest but do no damage.
The orc priest is heavily wounded.
The orc priest calls down the wrath of Beogh upon you.
Beogh smites you!
* * * LOW HITPOINT WARNING * * *
The orc priest hits you but does no damage.
You hit the orc priest.
The orc priest is severely wounded.
The orc priest hits you but does no damage.
The orc priest barely misses you.
You closely miss the orc priest.
The orc priest is severely wounded.
The orc priest hits you but does no damage.
You closely miss the orc priest.
The orc priest is severely wounded.
The orc priest mumbles some strange prayers to Beogh against you.
Beogh smites you!
You die...

#.# #.# ♣ ### #.#
P≈♣≈♣♣### #.#
PP♣♣≈≈♣P# #.#
≈≈≈P≈≈≈♣ ###)#####
≈≈≈P♣P≈♣♣#....)).#
≈≈≈♣≈≈≈≈♣♣.#####.#
≈≈≈≈≈≈≈≈≈≈♣# #@#
≈≈≈≈≈P≈P≈P♣ #o#
≈≈≈≈♣≈PP≈♣≈# #.#
≈≈≈≈≈≈≈≈≈♣.# #.#
≈≈≈P≈≈P♣♣#.. ..#
PP♣≈≈≈≈≈.#### ###
P≈≈♣≈♣≈P.#
≈♣♣♣≈###.# ≈# ###
#†#


You could see an orc priest.

Vanquished Creatures
  2 orc priests (D:3)
  2 orc wizards (D:3)
  A worker ant (D:3)
  An adder (D:2)
  An ooze (D:2)
  3 dart slugs
  7 orcs (D:3)
  2 goblins (D:2)
  8 hobgoblins
  2 jackals (D:3)
  A quokka (D:3)
  9 bats
  3 frilled lizards (D:2)
  7 kobolds
  3 rats (D:2)
52 creatures vanquished.

Notes
Turn   | Place    | Note
-------+----------+-------------------------------------------
     0 | D:1      | Fang the Gargoyle Berserker began the quest for the Orb.
     0 | D:1      | Reached XP level 1. HP: 14/14 MP: 1/1
   364 | D:1      | Reached XP level 2. HP: 11/19 MP: 2/2
   855 | D:2      | Reached XP level 3. HP: 18/24 MP: 3/3
  1227 | D:2      | Reached ** piety under Trog
  1444 | D:3      | Reached XP level 4. HP: 17/29 MP: 4/4
  1874 | D:3      | Reached XP level 5. HP: 33/33 MP: 5/5
  2051 | D:3      | Killed from afar by an orc priest

Skill      XL: |  1  2  3  4 |
---------------+-------------+-----
Axes           | 3 4 |  4.5
Fighting       | 4 |  4.4
Dodging        | 2 |  2.5
Armour         | |  2.3
Stealth        | |  0.5

Action                   |  1- 3 |  4- 6 || total
-------------------------+-------+-------++-------
Melee: Hand axe          |   134 |    86 ||   220
Invok: Berserk           |     1 |     2 ||     3
  Eat: Chunk             |     1 |     5 ||     6
Armor: Animal skin       |    63 |    33 ||    96
Dodge: Dodged            |   124 |    46 ||   170
